 Dungeon Crawl Stone Soup version 0.31-a0-986-g5e6e4ef867 (webtiles) character file.

Game seed: 15367540641390013386

204 tromp the Sneak (level 6, -39/36 HPs)
             Began as a Kobold Brigand on Dec 3, 2022.
             Was an Initiate of Nemelex Xobeh.
             Killed by an exploding giant cockroach zombie (40 damage)
             ... ignited by their inner flame
             ... on level 4 of the Dungeon on Nov 18, 2023.
             The game lasted 00:57:12 (3391 turns).

tromp the Sneak (Kobold Brigand)                    Turns: 3391, Time: 00:57:15

Health: -39/36     AC:  4    Str:  8    XL:     6   Next: 9%
Magic:  6/6        EV: 14    Int: 12    God:    Nemelex Xobeh [......]
Gold:   241        SH:  0    Dex: 19    Spells: 5/5 levels left

rFire   . . .        g - +2 quarterstaff (chaos)
rCold   . . .        (shield currently unavailable)
rNeg    . . .        b - +0 robe
rPois   .            (no helmet)
rElec   .            j - +1 cloak
rCorr   .            (no gloves)
SInv    +            (no boots)
Will    .....        (no amulet)
Stlth   +++++        p - ring of see invisible
HPRegen 0.26/turn    (no ring)
MPRegen 0.10/turn

%: no passive effects
@: no status effects
A: small, no large weapons, nightstalker 3
a: Renounce Religion, Draw Escape, Draw Destruction, Draw Summoning


You were on level 4 of the Dungeon.
You worshipped Nemelex Xobeh.
Nemelex Xobeh was noncommittal.
You visited 1 branch of the dungeon, and saw 4 of its levels.

You collected 241 gold pieces.

Inventory:

Hand Weapons
 a - a +2 dagger
 g - a +2 quarterstaff of chaos (weapon)
 h - a +2 short sword of speed
Missiles
 d - 8 poisoned darts
 e - a curare-tipped dart
Armour
 b - a +0 robe (worn)
 c - a +0 cloak
 j - a +1 cloak (worn)
Jewellery
 p - a ring of see invisible (left hand)
Talismans
 f - a serpent talisman
Wands
 q - a wand of light (15)
Scrolls
 i - a scroll of vulnerability
 k - a scroll of teleportation
 m - a scroll of identify


   Skills:
 + Level 2.9 Fighting
 + Level 3.5 Short Blades
 + Level 2.0 Staves
 + Level 2.8 Throwing
 + Level 1.7 Dodging
 + Level 7.5 Stealth


You had 5 spell levels left.
You didn't know any spells.
Your spell library contained the following spells:

 Spells                   Type           Power      Damage    Failure   Level
 Sting                    Tmut/Pois      0%         1d3       32%         1
 Ensorcelled Hibernation  Hex/Ice        0%         N/A       45%         2
 Passwall                 Tmut/Erth      0%         N/A       45%         2
 Poisonous Vapours        Pois/Air       0%         N/A       45%         2
 Swiftness                Air            0%         N/A       69%         3
 Olgreb's Toxic Radiance  Pois           0%         N/A       97%         4


Dungeon Overview and Level Annotations

Branches:
Dungeon (4/15)
 Temple: D:4-7

Altars:
Fedhas
Nemelex Xobeh
Okawaru
Qazlal
Uskayaw
The Shining One


Innate Abilities, Weirdness & Mutations

You are small and have problems with some larger weapons.
You are completely attuned to the shadows.


Message History

* * * LOW HITPOINT WARNING * * *
You sock Ijyb! You burn Ijyb.
You kill Ijyb!
Your Staves skill increases to level 2!
You have reached level 6!
You start resting.
A jackal comes into view.
Throw: dart (atropa)
Press: ? - help, Q - select action, (/) - cycle Shift-Dir - straight line, f - jackal
Aim: a jackal (not watching you, 53% to hit, chance to blind on hit: 100%)
You throw an atropa-tipped dart. The atropa-tipped dart hits the jackal.
The jackal appears confused.
Unknown command.
You start resting.
You feel a little less mighty now.
A jackal comes into view.
Unknown command.
You aren't carrying any potions.
Okay, then.
As you read the scroll labelled RISHRO LURGHUSSI, it crumbles to dust.
The creatures around you are filled with an inner flame!
It was a scroll of immolation.
The jackal bites you but does no damage.
The jackal closely misses you.
You closely miss the jackal.
The jackal bites you but does no damage.
You hit the jackal.
Flame seeps out of the jackal.
You burn the jackal.
Flame seeps out of the jackal.
The jackal is almost dead.
The jackal is engulfed in blazing flames.
The jackal explodes!
The fiery explosion engulfs you!!
Ouch! That really hurt!
* * * LOW HITPOINT WARNING * * *
The fiery explosion engulfs your giant cockroach zombie!!!
Your giant cockroach zombie explodes!
The fiery explosion engulfs you!!!
Ouch! That really hurt!
You die...
Your body disappears without a glow.

..............##
..............#
..............###
................##
...h ......##.....#
....##(.(...##.#..##
#...§§.......#####
#.§○§.......#
#.@§§......##
##§§§.......##
##..........#
#..#......###
##..#.###.##
#...))##### #......#
#.....## ###...#


You could see a jackal.

Vanquished Creatures
  Crazy Yiuf (D:2)
  Jessica (D:3)
  Ijyb (D:4)
  An iguana (D:3)
  2 adders
  2 worms
  A dart slug (D:4)
  9 orcs
  4 ball pythons
  5 endoplasms
  3 giant cockroaches
  7 goblins
  4 hobgoblins
  A jackal (D:4)
  3 quokkas
  4 bats
  7 frilled lizards
  A giant cockroach zombie (D:4)
  5 kobolds
  6 rats
68 creatures vanquished.

Notes
Turn   | Place    | Note
-------+----------+-------------------------------------------
     0 | D:1      | tromp the Kobold Brigand began the quest for the Orb.
     0 | D:1      | Reached XP level 1. HP: 12/12 MP: 1/1
   122 | D:1      | Reached XP level 2. HP: 13/17 MP: 2/2
   296 | D:1      | Reached skill level 6 in Stealth
   657 | D:1      | Reached XP level 3. HP: 22/22 MP: 3/3
   803 | D:1      | Upgraded the game from 0.30-a0-385-gfebfb9b408 to
                  | 0.31-a0-986-g5e6e4ef867
  1365 | D:2      | Found a runed translucent door.
  1368 | D:2      | Noticed Crazy Yiuf
  1373 | D:2      | Killed Crazy Yiuf
  1374 | D:2      | Reached XP level 4. HP: 27/27 MP: 4/4
  1473 | D:2      | Reached skill level 7 in Stealth
  1990 | D:3      | Noticed Jessica
  1996 | D:3      | Killed Jessica
  1997 | D:3      | Reached XP level 5. HP: 31/31 MP: 5/5
  2011 | D:3      | Found a glowing golden altar of the Shining One.
  2069 | D:3      | Found a stormy altar of Qazlal.
  2073 | D:3      | Found a blossoming altar of Fedhas.
  2129 | D:3      | Found a sparkling altar of Nemelex Xobeh.
  2232 | D:3      | Reached skill level 1 in Staves
  2347 | D:3      | Found an iron altar of Okawaru.
  2348 | D:3      | Found a hide-covered altar of Uskayaw.
  3038 | D:3      | Became a worshipper of Nemelex Xobeh the Trickster
  3331 | D:4      | Noticed Ijyb
  3341 | D:4      | Killed Ijyb
  3342 | D:4      | Reached XP level 6. HP: 8/36 MP: 6/6
  3391 | D:4      | HP: 1/36 [spore (20)]
  3391 | D:4      | Killed by an exploding giant cockroach zombie... ignited by
                  | their inner flame

Illustrated notes

Levels and vault maps discovered:
D:1:      eino_arrival_tree_alley, layout_loops_ring, corexii_hall_statues_l,
          minmay_misc_feat_encased
D:2:      layout_rooms, minmay_misc_feat_more_columns, uniq_crazy_yiuf_cottage
D:3:      layout_rooms, grunt_temple_overflow_forces_of_nature,
          nemelex_dance_club_becter, nicolae_overflow_squiral,
          mainiacjoe_overflow_24_doors, uniq_jessica
D:4:      layout_cave_pools, uniq_ijyb

Skill      XL: |  1  2  3  4  5 |
---------------+----------------+-----
Stealth        | 6 7 |  7.5
Short Blades   | 3 |  3.5
Staves         | 2 |  2.0
Fighting       | |  2.9
Throwing       | |  2.8
Dodging        | |  1.7

Action                     |  1- 3 |  4- 6 || total
---------------------------+-------+-------++-------
  Melee: Dagger            |    42 |       ||    42
         Short sword       |    25 |       ||    25
         Quarterstaff      |       |    91 ||    91
  Throw: Dart              |     1 |    28 ||    29
    Use: Potion            |     3 |     2 ||     5
         Scroll            |     6 |     2 ||     8
   Stab: Sleeping          |    13 |    10 ||    23
         Distracted        |       |     2 ||     2
 Armour: Robe              |    11 |    30 ||    41
  Dodge: Dodged            |    24 |    37 ||    61

Table legend: (Time is in decaauts)
 A = Elapsed time spent in this place.
 B = Non-inter-level travel time spent in this place.
 C = Inter-level travel time spent in this place.
 D = Time resting spent in this place.
 E = Time spent auto-exploring this place.
 F = Levels seen in this place.
 G = Mean time per level.
                   A        B        C        D        E       F      G
               +--------+--------+--------+--------+--------+-----+--------+
         Total |   3391 |   3350 |     41 |    230 |    361 |   4 |  847.8 |
       Dungeon |   3391 |   3350 |     41 |    230 |    361 |   4 |  847.8 |
               +--------+--------+--------+--------+--------+-----+--------+

Top non-repeatable levels by time:
     D:3: 1267 daAuts
     D:1: 1062 daAuts
     D:2: 775 daAuts
     D:4: 287 daAuts
